 Dungeon Crawl Stone Soup version 0.27-a0-543-gd81048afd2 (webtiles) character file.

Game seed: 160888997581735065

77 ReteAZ the Chopper (level 4, 0/48 HPs)
             Began as an Ogre Fighter on Mar 7, 2021.
             Slain by Purgy (3 damage)
             ... on level 3 of the Dungeon.
             The game lasted 00:01:28 (2525 turns).

ReteAZ the Chopper (Ogre Fighter)                   Turns: 2525, Time: 00:01:29

Health: 0/48       AC:  3    Str: 20    XL:     4   Next: 34%
Magic:  4/4        EV:  8    Int: 10    God:
Gold:   93         SH:  8    Dex:  8    Spells: 3/3 levels left

rFire    . . .     SeeInvis .   a - +0 war axe
rCold    . . .     Faith    .   c - +0 kite shield
rNeg     . . .     Spirit   .   b - +0 robe
rPois    .         Reflect  .   (helmet restricted)
rElec    .         Harm     .   (no cloak)
rCorr    .         Rampage  .   (gloves unavailable)
Will     .....                  (boots unavailable)
Stlth    +.........             (no amulet)
HPRegen  0.16/turn              (no ring)
MPRegen  0.09/turn              (no ring)

@: no status effects
A: large, unfitting armour, tough skin 1
a: no special abilities


You were on level 3 of the Dungeon.
You visited 1 branch of the dungeon, and saw 3 of its levels.
You also visited: Sewer.

You collected 93 gold pieces.

Inventory:

Hand Weapons
 a - a +0 war axe (weapon)
Armour
 b - a +0 robe (worn)
 c - a +0 kite shield (worn)
Wands
 f - a wand of mindburst (11)
 h - a wand of iceblast (9)
Scrolls
 e - a scroll of fear {unknown}
 i - a scroll of amnesia {unknown}
Potions
 d - a potion of might
 g - a potion of curing {unknown}


   Skills:
 - Level 4.0 Fighting
 + Level 4.4 Axes
 - Level 2.6 Dodging
 - Level 2.6 Shields


You had 3 spell levels left.
You didn't know any spells.
Your spell library was empty.

Dungeon Overview and Level Annotations

Branches:
Dungeon (3/15)              Sewer (visited)

Altars:

Annotations:
D:3 Purgy


Innate Abilities, Weirdness & Mutations

You are too large for most types of armour.
You have tough skin. (AC +1)


Message History

Purgy the Meek comes into view.
Purgy shouts!
Purgy is nearby!
Purgy is nearby!
You closely miss Purgy. You block Purgy's attack. Purgy claws you.
Purgy barely misses you.
You hit Purgy.
Purgy is lightly wounded.
Purgy bites you but does no damage. Purgy barely misses you.
You block Purgy's attack. Purgy bites you! Purgy claws you but does no damage.
Purgy claws you.
You hit Purgy.
Purgy is lightly wounded.
Purgy bites you but does no damage. You block Purgy's attack. Purgy claws you.
You closely miss Purgy.
Purgy is lightly wounded.
Purgy bites you. Purgy claws you. x2; Purgy bites you.
You block Purgy's attack. Purgy claws you.
You are too injured to fight recklessly!
There is an empty arch of ancient stone here.
There is a gate leading back out of this place here.
Purgy bites you.
* * * LOW HITPOINT WARNING * * *
You block Purgy's attack. Purgy claws you but does no damage.
Welcome back to the Dungeon!
There is a collapsed entrance here.
You closely miss Purgy. Purgy bites you but does no damage. Purgy claws you.
* * * LOW HITPOINT WARNING * * *
Purgy claws you but does no damage.
You barely miss Purgy. Purgy bites you.
* * * LOW HITPOINT WARNING * * *
Purgy closely misses you. You block Purgy's attack. Purgy bites you.
* * * LOW HITPOINT WARNING * * *
Purgy claws you.
* * * LOW HITPOINT WARNING * * *
Purgy claws you but does no damage.
You slash Purgy!
Purgy is lightly wounded.
Purgy bites you.
You die...

#######
....?#### .
.....[. #.
#≈≈.≈≈# .#
.##≈##≈≈.≈≈##.#
....≈≈.....≈≈.#
#..≈≈.T...≈≈≈#
#......@..≈≈.#
##.≈≈.†...≈≈.#
#.≈≈†....≈≈.#
#.##≈≈≈≈≈##.#
#.##≈≈≈≈≈##.#
#.........).#
######..#####
........#
#######.#


You could see Purgy.

Vanquished Creatures
  2 adders (D:2)
  An ooze (D:2)
  A worm (D:2)
  2 dart slugs
  6 bats
  4 giant cockroaches
  2 goblins
  5 hobgoblins
  4 jackals (D:2)
  6 kobolds
  2 quokkas (D:2)
  A ball python (D:2)
  2 frilled lizards (D:2)
  7 rats
45 creatures vanquished.

Notes
Turn   | Place    | Note
-------+----------+-------------------------------------------
     0 | D:1      | ReteAZ the Ogre Fighter began the quest for the Orb.
     0 | D:1      | Reached XP level 1. HP: 24/24 MP: 1/1
   116 | D:1      | Reached XP level 2. HP: 30/32 MP: 2/2
   923 | D:2      | Reached XP level 3. HP: 27/39 MP: 3/3
  1669 | D:2      | Reached XP level 4. HP: 48/48 MP: 4/4
  2493 | D:3      | Found a glowing drain.
  2506 | Sewer    | Entered a sewer
  2509 | Sewer    | Noticed Purgy
  2525 | D:3      | Slain by Purgy

Illustrated notes

Levels and vault maps discovered:
D:1:      amcnicky_arrival_feature_with_door, layout_loops_ring, serial_glass,
          glass_columns_b, glass_columns_b, glass_columns_b, glass_columns_b,
          glass_columns_b, glass_columns_b, glass_columns_b, glass_columns_a
D:2:      layout_loops_corners, kennysheep_generic_room_4
D:3:      layout_loops_ring, grunt_temple_overflow_lords_of_destruction,
          nicolae_overflow_hidden_temple, chequers_ecumenical_altar_grove,
          cheibrodos_sewer_entry_sluice

Skill      XL: |  1  2  3 |
---------------+----------+-----
Axes           | 3 4 |  4.4
Fighting       | |  4.0
Dodging        | |  2.6
Shields        | |  2.6

Action                   |  1- 3 |  4- 6 || total
-------------------------+-------+-------++-------
Melee: War axe           |   110 |    49 ||   159
Armor: Robe              |    35 |    25 ||    60
Dodge: Dodged            |    44 |    24 ||    68
Block: Kite shield       |    73 |    26 ||    99

Table legend: (Time is in decaauts)
 A = Elapsed time spent in this place.
 B = Non-inter-level travel time spent in this place.
 C = Inter-level travel time spent in this place.
 D = Time resting spent in this place.
 E = Time spent auto-exploring this place.
 F = Levels seen in this place.
 G = Mean time per level.
                   A        B        C        D        E       F      G
               +--------+--------+--------+--------+--------+-----+--------+
         Total |   2610 |   2539 |     71 |    227 |   1935 |   4 |  652.5 |
       Dungeon |   2593 |   2522 |     71 |    227 |   1933 |   3 |  864.3 |
         Sewer |     17 |     17 |      0 |      0 |      2 |   1 |   17.0 |
               +--------+--------+--------+--------+--------+-----+--------+

Top non-repeatable levels by time:
     D:2: 1816 daAuts
     D:1: 701 daAuts
     D:3: 75 daAuts
   Sewer: 17 daAuts
